 Dungeon Crawl Stone Soup version bcrawl-1.19.1 (webtiles) character file.

Game seed: 8644614131374192052

79 Freyura the Shield-Bearer (level 4, -8/28 HPs)
             Began as a Skeleton Fighter on Dec 14, 2019.
             Killed by divine providence
             ... invoked by an orc priest
              (11 damage)
             ... on level 2 of the Dungeon.
             The game lasted 00:04:14 (1094 turns).

Freyura the Shield-Bearer (Skeleton Fighter)        Turns: 1094, Time: 00:04:15

Health: -8/28      AC:  9    Str: 20 (22) XL:     4   Next: 16%
Magic:  0/4        EV:  8    Int:  7      God:
Gold:   100        SH:  9    Dex:  7 (9)  Spells: 3/3 levels left

rFire    . . .     SeeInvis .   a - +0 flail
rCold    + . .     Gourm    .   c - +0 shield
rNeg     + + +     Faith    .   b - +0 scale mail
rPois    ∞         Spirit   +   g - +0 helmet
rElec    .         Reflect  .   (no cloak)
rCorr    .         Harm     .   (no gloves)
MR       .....                  d - +0 pair of boots
Stlth    ..........             (no amulet)
HPRegen  0.09/turn              (no ring)
MPRegen  0.09/turn              (no ring)

@: no status effects
A: no food or potions, cold resistance 1, deterioration 1, negative energy
resistance 3, torment resistance, unbreathing, magic shield, sturdy frame 1,
spell healing
a: no special abilities


You were on level 2 of the Dungeon.
You were not hungry.

You visited 1 branch of the dungeon, and saw 2 of its levels.

You collected 100 gold pieces.

Inventory:

Hand Weapons
 a - a +0 flail (weapon)
Missiles
 e - a throwing net (quivered) {!f}
Armour
 b - a +0 scale mail (worn)
 c - a +0 shield (worn)
 d - a +0 pair of boots (worn)
 g - a +0 helmet (worn)
Scrolls
 f - 5 scrolls of remove curse


   Skills:
 + Level 3.4 Fighting
 * Level 3.7 Maces & Flails
 + Level 3.7 Armour
 + Level 1.2 Dodging
 + Level 4.1 Shields


You had 3 spell levels left.
You didn't know any spells.
Your spell library was empty.

Dungeon Overview and Level Annotations

Branches:
Dungeon (2/12)

Altars:


Innate Abilities, Weirdness & Mutations

You do not eat or drink.
You are immune to poison.
Your flesh is cold resistant. (rC+)
Your body sometimes deteriorates upon taking damage.
You are immune to negative energy. (rN+++)
You are immune to unholy pain and torment.
You can survive without breathing.
When hurt, damage is shared between your health and your magic reserves.
Your movements are slightly less encumbered by armour. (ER -2)
Casting spells heals you.


Message History

You feel your intelligence returning.
You have reached level 4!
You feel clever. You block the orc's attack.
You barely miss the orc. You block the orc's attack.
You thump the orc!
You kill the orc!
You closely miss the orc priest. You block the orc priest's attack. x2
Your shield and scale mail prevent you from hitting the orc priest.
The orc priest hits you but does no damage.
You hit the orc priest.
The orc priest is moderately wounded.
The orc priest hits you.
* * * LOW HITPOINT WARNING * * *
You hit the orc priest but do no damage.
The orc priest is moderately wounded.
The orc priest barely misses you.
The orc priest invokes the aid of Beogh against you.
Beogh smites you!
You die...

################
................
..........#
.......#..#
.≈...≈.#.[######
.......#...o@.>#
#.
.......#..####.#
#.#......o#..# #
#.#.≈...≈o#..#
#.#.......#..#
#. #.oo..##..#
#.###oo$###..#
#..#######...#
##...........#


You could see an orc priest.

Vanquished Creatures
  An orc priest (D:2)
  An ooze (D:1)
  A dart slug (D:1)
  A leopard gecko (D:1)
  2 orcs (D:2)
  2 giant cockroaches
  7 hobgoblins (D:1)
  6 jackals
  3 bats (D:1)
  2 frilled lizards (D:1)
  4 goblins (D:1)
  4 kobolds (D:1)
  2 rats (D:1)
36 creatures vanquished.

Notes
Turn   | Place    | Note
-------+----------+-------------------------------------------
     0 | D:1      | Freyura the Skeleton Fighter began the quest for the Orb.
     0 | D:1      | Reached XP level 1. HP: 14/14 MP: 1/1
   105 | D:1      | Reached XP level 2. HP: 16/19 MP: 2/2
   537 | D:1      | Reached XP level 3. HP: 20/23 MP: 1/3
  1034 | D:2      | Reached skill level 4 in Shields
  1078 | D:2      | Reached skill level 1 in Dodging
  1088 | D:2      | Reached XP level 4. HP: 3/28 MP: 0/4
  1094 | D:2      | Killed from afar by an orc priest

Skill      XL: |  1  2  3 |
---------------+----------+-----
Maces & Flails | 3 |  3.7
Shields        | 4 |  4.1
Dodging        | 1 |  1.2
Fighting       | |  3.4
Armour         | |  3.7

Action                   |  1- 3 |  4- 6 || total
-------------------------+-------+-------++-------
Melee: Flail             |   126 |     6 ||   132
  Use: Scroll            |     1 |       ||     1
Armor: Scale mail        |    56 |     1 ||    57
Dodge: Dodged            |    64 |     1 ||    65
Block: Shield            |    79 |     4 ||    83
